 Dungeon Crawl Stone Soup version 0.24-a0-443-g80245de385 (webtiles) character file.

Game seed: 9886491626491356309

5600 Kuinu the Fighter (level 10, -12/141 HPs)
             Began as a Grey Draconian Berserker on June 21, 2019.
             Was an Elder of Trog.
             Mangled by a red ugly thing (16 damage)
             ... on level 9 of the Dungeon.
             The game lasted 00:17:20 (6969 turns).

Kuinu the Fighter (Grey Draconian Berserker)        Turns: 6969, Time: 00:17:21

Health: -12/141    AC: 15    Str: 25    XL:     10   Next: 45%
Magic:  0/10       EV: 17    Int:  7    God:    Trog [****..]
Gold:   506        SH:  0    Dex: 14    Spells: 9/9 levels left

rFire    . . .     SeeInvis .   a - +0 falchion
rCold    . . .     Gourm    .   (no shield)
rNeg     . . .     Faith    .   (armour unavailable)
rPois    .         Spirit   +   (helmet restricted)
rElec    .         Reflect  .   (no cloak)
rCorr    .         Harm     .   (no gloves)
MR       ++...                  q - +2 pair of boots
Stlth    ..........             p - amulet of guardian spirit
HPRegen  1.33/turn              (no ring)
MPRegen  0.12/turn              (no ring)

@: berserking, regenerating, very quick
A: walk through water, unfitting armour, unbreathing, cold-blooded, AC +12
a: Berserk, Trog's Hand, Brothers in Arms, Renounce Religion


You were on level 9 of the Dungeon.
You worshipped Trog.
Trog was greatly pleased with you.
You were very hungry.

You visited 1 branch of the dungeon, and saw 9 of its levels.

You collected 506 gold pieces.

Inventory:

Hand Weapons
 a - a +0 falchion (weapon)
Armour
 j - a +0 shield
 l - a +0 pair of boots
 n - a +0 large shield
 q - a +2 pair of boots (worn)
Jewellery
 p - an amulet of guardian spirit (around neck)
 A - an uncursed ring of magical power {unknown}
Wands
 r - a wand of polymorph (11)
Scrolls
 c - 2 scrolls of random uselessness {unknown}
 d - 6 scrolls of remove curse {unknown}
 f - a scroll of identify
 h - 3 scrolls of enchant armour {unknown}
 i - a scroll of teleportation {unknown}
 k - 4 scrolls of immolation {unknown}
 o - a scroll of fog {unknown}
 t - a scroll of blinking {unknown}
 x - a scroll of amnesia {unknown}
 y - a scroll of enchant weapon {unknown}
Potions
 e - a potion of mutation
 m - 3 potions of curing
 s - a potion of flight
 u - a potion of invisibility {unknown}
 v - a potion of degeneration {unknown}
 w - a potion of resistance
Comestibles
 b - 13 rations


   Skills:
 * Level 10.4 Fighting
 * Level 9.6 Long Blades
 * Level 8.8 Dodging


You had 9 spell levels left.
You didn't know any spells.
Your spell library was empty.

Dungeon Overview and Level Annotations

Branches:
Dungeon (9/15)             Temple (0/1) D:5            Lair (0/6) D:8
    Orc: D:9-12

Altars:
Cheibriados
Fedhas
Gozag
Hepliaklqana
Kikubaaqudgha
Trog
Uskayaw
Wu Jian

Shops:
D:5 !   D:7 ((([

Annotations:
D:5 2 transporters, Stiffzip's ghost, novice GnTm
D:8 2 transporters


Innate Abilities, Weirdness & Mutations

You can walk through water.
Your dull iron-grey scales are very hard. (AC +12)
You cannot fit into any form of body armour.
You can survive without breathing.
You are cold-blooded and may be slowed by cold attacks.


Message History

You slice the red ugly thing!! You tail-slap the red ugly thing!
The red ugly thing is severely wounded.
The centaur skeleton misses you.
All of the chunks of flesh in your inventory have rotted away.
You slash the red ugly thing!
The red ugly thing is almost dead.
The red ugly thing trunk-slaps you!
* * * LOW HITPOINT WARNING * * *
You are engulfed in flames!
* * * LOW HITPOINT WARNING * * *
You barely miss the red ugly thing.
The red ugly thing is almost dead.
The centaur skeleton completely misses you.
You slash the red ugly thing!
Your tail-slap misses the red ugly thing.
The red ugly thing is almost dead.
The red ugly thing trunk-slaps you.
* * * LOW HITPOINT WARNING * * *
You are engulfed in flames!
You die...

#.# #.# #..###...# #.#
#.######..<.....# #.#
#...............#
#.####.........###...#
#..............# ..#
#.####.........# ...
#.# #.........# .. #.#
#.........## # #.#
#...@....... #.#
#...Zu......
#................
#................
................
..##..?...<..... .>
#............
#............


You could see a red ugly thing and a centaur skeleton.

Vanquished Creatures
  Harold (D:8)
  A two-headed ogre (D:8)
  A hornet (D:7)
  A hippogriff (D:7)
  Sigmund (D:3)
  Edmund (D:5)
  6 orc warriors
  A black bear (D:8)
  2 sky beasts (D:7)
  2 ice beasts
  2 necrophages
  An ogre (D:8)
  3 centaurs (D:7)
  A bullfrog (D:6)
  3 scorpions (D:8)
  4 howler monkeys
  6 wights
  4 crimson imps
  A centaur zombie (D:8)
  A bullfrog zombie (D:6)
  2 hounds
  A quasit (D:6)
  A bullfrog skeleton (D:7)
  8 orc priests
  3 iguanas
  10 orc wizards
  10 worker ants
  A hound skeleton (D:4)
  8 gnolls
  A howler monkey skeleton (D:8)
  3 worker ant zombies
  9 adders
  3 oozes
  An adder skeleton (D:5)
  5 worms
  3 dart slugs
  4 leopard geckos
  43 orcs
  4 giant cockroaches
  8 goblins
  5 hobgoblins
  3 jackals (D:8)
  3 quokkas
  A ball python (D:3)
  4 bats
  3 frilled lizards
  8 kobolds
  A quokka skeleton (D:8)
  8 rats
  3 rat zombies (D:4)
  A plant (D:8)
211 creatures vanquished.

Notes
Turn   | Place    | Note
-------+----------+-------------------------------------------
     0 | D:1      | Kuinu the Draconian Berserker began the quest for the Orb.
     0 | D:1      | Reached XP level 1. HP: 19/19 MP: 1/1
    54 | D:1      | Reached XP level 2. HP: 12/26 MP: 2/2
   235 | D:1      | Reached XP level 3. HP: 15/33 MP: 3/3
   559 | D:2      | Reached skill level 4 in Fighting
   560 | D:2      | Reached ** piety under Trog
   756 | D:2      | HP: 2/49 [worm (4)]
   758 | D:2      | Reached XP level 4. HP: 3/40 MP: 4/4
  1499 | D:3      | Reached XP level 5. HP: 32/47 MP: 5/5
  1597 | D:3      | Found a bloodstained altar of Trog.
  1804 | D:3      | Noticed Sigmund
  1813 | D:3      | Killed Sigmund
  1813 | D:3      | Reached skill level 5 in Fighting
  1813 | D:3      | Reached XP level 6. HP: 56/56 MP: 6/6
  2358 | D:4      | Reached skill level 5 in Long Blades
  2525 | D:4      | Reached *** piety under Trog
  2525 | D:4      | Your scales start taking on a dull iron-grey colour.
  2525 | D:4      | Reached XP level 7. HP: 62/62 MP: 7/7
  2525 | D:4      | Gained mutation: You can survive without breathing. [Grey
                  | Draconian growth]
  2601 | D:4      | Found an ancient bone altar of Kikubaaqudgha.
  2940 | D:5      | Entered Level 5 of the Dungeon
  2970 | D:5      | Reached skill level 6 in Fighting
  3016 | D:5      | Reached skill level 5 in Dodging
  3170 | D:5      | Found a staircase to the Ecumenical Temple.
  3359 | D:5      | Found a transporter.
  3364 | D:5      | Noticed Stiffzip's ghost (novice GnTm)
  3427 | D:5      | Found a transporter.
  3450 | D:5      | Noticed Edmund
  3499 | D:5      | Killed Edmund
  3499 | D:5      | Reached XP level 8. HP: 31/71 MP: 8/8
  3659 | D:5      | Found Zann's Distillery.
  3837 | D:6      | Reached skill level 7 in Fighting
  4005 | D:6      | Reached **** piety under Trog
  4396 | D:6      | Found a snail-covered altar of Cheibriados.
  4396 | D:6      | Found a hide-covered altar of Uskayaw.
  4654 | D:7      | Reached skill level 8 in Fighting
  4683 | D:7      | Found Gaisuyto's Antique Armour Shop.
  4726 | D:7      | Reached XP level 9. HP: 68/80 MP: 9/9
  4825 | D:7      | Found an ornate altar of the Wu Jian Council.
  5023 | D:7      | HP: 4/82 [poisoned by a gnoll]
  5029 | D:7      | HP: 4/82 [poisoned by a gnoll]
  5603 | D:7      | Reached skill level 9 in Fighting
  5758 | D:7      | Found a blossoming altar of Fedhas.
  5838 | D:7      | Found Ekhelan's Antique Weapon Boutique.
  5849 | D:7      | Found Cutunirgh's Weapon Shop.
  5853 | D:7      | Found Hoxt's Antique Weapon Shop.
  6014 | D:8      | Found a transporter.
  6014 | D:8      | Found a hazy altar of Hepliaklqana.
  6015 | D:8      | Found a transporter.
  6016 | D:8      | Noticed a centaur warrior
  6020 | D:8      | Noticed an efreet
  6207 | D:8      | Noticed Harold
  6234 | D:8      | Killed Harold
  6234 | D:8      | Reached XP level 10. HP: 49/93 MP: 3/10
  6393 | D:8      | Reached skill level 10 in Fighting
  6397 | D:8      | Found a staircase to the Lair.
  6478 | D:8      | Noticed a two-headed ogre
  6494 | D:8      | Killed a two-headed ogre
  6721 | D:8      | Found an opulent altar of Gozag.
  6955 | D:9      | Noticed a red ugly thing
  6967 | D:9      | HP: 5/141 [red ugly thing (12)]
  6969 | D:9      | Mangled by a red ugly thing

Levels and vault maps discovered:
D:1:      evilmike_arrival_run_for_it, layout_basic, st_stairs_8
D:2:      layout_basic, first_ration
D:3:      wad_pebble_path, layout_basic, bloody_trog, uniq_sigmund
D:4:      layout_loops_ring, lemuel_zombie_altar_kikubaaqudgha,
          minmay_misc_feat_room
D:5:      layout_loops_cross, minmay_temple_entry_arrows,
          gammafunk_ghost_stat_death, serial_shops, nicolae_shop_trees,
          uniq_edmund
D:6:      layout_loops_ring, gammafunk_temple_overflow_wave,
          chequers_serial_rivers_large_a, lightli_orcish_oven
D:7:      layout_basic, kennysheep_little_box, kennysheep_mini, serial_shops,
          shop, nicolae_shop_trees, shop, nicolae_shop_overgrown_old_shop
D:8:      kennysheep_ambush_hall, layout_basic, grunt_gozag_breadcrumbs,
          gammafunk_temple_overflow_arena, grunt_lair_entry_orc_guard_hut,
          uniq_harold
D:9:      layout_small_grid, grunt_qazlal_sundering,
          ashenzari_conservatory_becter, special_room [special_room_orc],
          minivault_11

Skill      XL: |  1  2  3  4  5  6  7  8  9 10 |
---------------+-------------------------------+-----
Dodging        | 3 4 5 6 8 |  8.8
Fighting       | 4 5 6 8 9 10 | 10.4
Long Blades    | 4 5 6 7 9 |  9.6

Action                   |  1- 3 |  4- 6 |  7- 9 | 10-12 || total
-------------------------+-------+-------+-------+-------++-------
Melee: Falchion          |   107 |   164 |   625 |   130 ||  1026
       Tailslap          |    10 |    35 |   146 |    31 ||   222
Invok: Berserk           |     4 |     1 |     7 |     2 ||    14
       Trog's Hand       |       |     3 |     7 |     3 ||    13
  Use: Scroll            |       |       |     7 |       ||     7
       Potion            |       |       |     3 |     1 ||     4
 Stab: Sleeping          |       |       |     3 |       ||     3
  Eat: Ration            |     1 |       |       |       ||     1
       Chunk             |       |     7 |    23 |     5 ||    35
Armor: Skin              |    35 |    56 |   225 |    31 ||   347
Dodge: Dodged            |    51 |   114 |   465 |    94 ||   724
Block: Shield            |    50 |       |       |       ||    50
       Rpst.: Falchion   |    13 |    33 |   133 |    28 ||   207

Table legend:
 A = Non-vault XP
 B = Vault XP
 C = Vault XP percentage of total XP
 D = Non-vault monster count
 E = Vault monster count
 F = Vault count percentage of total count
                 A         B        C        D         E       F
            +---------+---------+-------+---------+---------+-------
      Total |    4776 |    3224 |  40.3 |     184 |      26 |  12.4
            +---------+---------+-------+---------+---------+-------
        D:1 |      49 |       7 |  12.5 |      18 |       2 |  10.0
        D:2 |      85 |       0 |   0.0 |      20 |       0 |   0.0
        D:3 |     195 |     242 |  55.4 |      25 |       1 |   3.8
        D:4 |     281 |       3 |   1.1 |      14 |       3 |  17.6
        D:5 |     507 |     166 |  24.7 |      26 |       1 |   3.7
        D:6 |     603 |     152 |  20.1 |      16 |       6 |  27.3
        D:7 |    2183 |       0 |   0.0 |      39 |       0 |   0.0
        D:8 |     744 |    2654 |  78.1 |      25 |      13 |  34.2
        D:9 |     129 |       0 |   0.0 |       1 |       0 |   0.0
            +---------+---------+-------+---------+---------+-------
